AoeStats
← Nitro Nick

Black Forest

508699237Analyzed
3v3 RM · 10d ago on Sep 23, 2026· 38m 20s· 6 players
Game mode
Random Map
Map size
Normal (6 player)
Population
200
Speed
Normal
Resources
Standard
Victory
Conquest
Starting age
Dark Age
Ending age
Imperial Age
RankedLock teamsTeams togetherTeam positionsShared explorationLock speedFull tech treeHidden civsTurbo modeCheats
Victory
Defeat
🇨🇭 Teutons · Switzerland
1045
+16
🇨🇭 Persians · Switzerland
1045
+16
🇨🇱 Slavs · Chile
999
+19
🇧🇪 Dravidians · Belgium
1047
-17
🇳🇴 Jurchens · Norway
1046
-17
🇩🇪 Ethiopians · Germany
1046
-17
kriket
11:12 Feudal Age
12:23 Wheelbarrow
11:40 Double-Bit Axe
11:38 Horse Collar
17:29 Castle Age
16:49 Stone Mining
18:44 Hand Cart
19:32 Bow Saw
20:26 Heavy Plow
21:36 Loom
24:53 Gold Mining
25:42 Stone Shaft Mining
26:54 Gold Shaft Mining
31:21 Imperial Age
28:37 Town Watch
30:22 Bloodlines
30:13 Husbandry
30:30 Forging
30:25 Scale Barding Armor
30:54 Town Patrol
32:29 Conscription
32:22 Devotion
33:25 Chemistry
33:07 Crop Rotation
33:51 Two-Man Saw
33:03 Elite War Elephant
34:19 Ballistics
33:55 Murder Holes
35:04 Iron Casting
34:50 Chain Barding Armor
33:59 Capped Ram
34:58 Siege Ram
36:47 Blast Furnace
36:43 Cavalier
38:07 Hoardings
Mamarie
12:02 Feudal Age
13:25 Wheelbarrow
12:33 Horse Collar
12:42 Double-Bit Axe
18:45 Castle Age
17:05 Stone Mining
17:30 Gold Mining
20:06 Hand Cart
19:56 Heavy Plow
20:13 Bow Saw
21:22 Loom
28:41 Imperial Age
25:59 Town Watch
27:05 Forging
26:56 Scale Mail Armor
27:04 Squires
26:47 Pikeman
27:22 Fletching
28:44 Ballistics
28:37 Masonry
29:26 Town Patrol
31:00 Chemistry
33:06 Iron Casting
32:47 Chain Mail Armor
32:45 Siege Engineers
34:27 Two-Man Saw
34:05 Conscription
33:44 Halberdier
35:32 Blast Furnace
36:04 Hoardings
36:35 Plate Mail Armor
36:03 Bodkin Arrow
36:28 Onager
catstorm
0:53 Loom
14:37 Feudal Age
15:45 Horse Collar
22:42 Castle Age
21:33 Stone Mining
23:09 Double-Bit Axe
23:35 Heavy Plow
25:36 Wheelbarrow
26:08 Wheelbarrow
25:56 Fletching
25:58 Town Watch
35:06 Imperial Age
32:58 Bodkin Arrow
34:02 Forging
34:21 Bow Saw
34:33 Hand Cart
35:31 Scale Barding Armor
36:15 Conscription
38:24 Hoardings
37:21 Elite Skirmisher
38:23 Masonry
38:08 Murder Holes
38:32 Padded Archer Armor
38:53 Chain Barding Armor
38:27 Gold Mining
occido
12:31 Feudal Age
13:49 Loom
14:13 Double-Bit Axe
17:11 Castle Age
15:57 Horse Collar
18:49 Bow Saw
18:43 Heavy Plow
24:27 Caravan
27:01 Ballistics
27:08 Fletching
27:19 Padded Archer Armor
27:32 Gold Mining
27:33 Stone Mining
28:33 Coinage
28:57 Bodkin Arrow
29:17 Leather Archer Armor
33:45 Imperial Age
31:52 Wheelbarrow
33:13 Hand Cart
34:01 Thumb Ring
34:17 Elite Elephant Archer
35:52 Banking
37:03 Bracer
37:34 Ring Archer Armor
38:12 Town Watch
Nitro Nick
1:11 Loom
13:57 Feudal Age
19:50 Castle Age
18:30 Double-Bit Axe
18:27 Horse Collar
24:52 Wheelbarrow
24:36 Bow Saw
32:52 Imperial Age
32:25 Hand Cart
33:31 Ballistics
33:21 Fortified Wall
34:42 Chemistry
34:09 Ballistics
34:09 Caravan
34:08 Gold Mining
35:18 Town Watch
36:16 Heavy Scorpion
Lobii
0:44 Loom
17:16 Feudal Age
21:07 Double-Bit Axe
21:22 Stone Mining
25:08 Castle Age
25:46 Wheelbarrow
24:57 Horse Collar
29:52 Forging
30:58 Fletching
31:35 Fortified Bastions
31:53 Scale Barding Armor
32:02 Masonry
32:03 Fortified Wall
32:22 Hand Cart
34:08 Stone Shaft Mining
33:25 Gold Mining
Connection lost

Rejoining the realm…

Still unreachable

The connection could not be restored.

Session expired

The server has moved on; the page needs a fresh start.